 Dungeon Crawl Stone Soup version 0.30.1-3-gfc49f6343a (webtiles) character file.

Game seed: 16391286247071341156

118451 diecastcamel the Peltast (level 16, -6/136 HPs)
             Began as a Merfolk Berserker on July 17, 2023.
             Was the Champion of Trog.
             Killed from afar by a shock serpent (25 damage)
             ... with a bolt of electricity
             ... on level 1 of the Snake Pit on July 26, 2023.
             The game lasted 02:33:22 (26307 turns).

diecastcamel the Peltast (Merfolk Berserker)       Turns: 26307, Time: 02:33:22

Health: -6/136     AC: 28    Str: 22    XL:     16   Next: 76%
Magic:  16/16      EV: 14    Int:  8    God:    Trog [******]
Gold:   1991       SH: 26    Dex: 17    Spells: 15/15 levels left

rFire   . . .        y - +6 trident (heavy)
rCold   . . .        B - +0 tower shield
rNeg    + + .        K - +2 pearl dragon scales
rPois   +            p - +2 helmet
rElec   .            Y - +1 cloak {Will+}
rCorr   .            U - +0 pair of gloves of Gravity {Rampage rN+ Int+3}
SInv    .            l - +0 pair of boots
Will    ++...        q - amulet "Reicebin" {Reflect rPois Regen+ Int-4 Dex+3 SH+5} Stlth
                     r - +4 ring of slaying
HPRegen 1.22/turn    h - +4 ring of protection
MPRegen 0.15/turn

%: reflection, rampage
@: lethally poisoned (-6 -> -12), about to teleport, constricted
A: (nimble swimmer 2), mertail
a: Renounce Religion, Berserk, Trog's Hand, Brothers in Arms


You were on level 1 of the Snake Pit.
You worshipped Trog.
Trog was exalted by your worship.
You visited 5 branches of the dungeon, and saw 25 of its levels.
You also visited: Ossuary, Gauntlet and Ice Cave.

You collected 3608 gold pieces.
You spent 1617 gold pieces at shops.

Inventory:

Hand Weapons
 y - a +6 heavy trident (weapon)
 z - a +2 antimagic trident
Missiles
 u - 62 poisoned darts
 P - 5 curare-tipped darts
Armour
 l - a +0 pair of boots (worn)
 p - a +2 helmet (worn)
 B - a +0 tower shield (worn)
 I - a +3 plate armour of cold resistance
 K - +2 pearl dragon scales (worn)
 U - the +0 pair of gloves of Gravity (worn) {Rampage rN+ Int+3}
   (You found it in a Gauntlet)

   Int:       It affects your intelligence (+3).
   rN:        It protects you from negative energy.
   Rampage:   It bestows one free step when moving towards enemies.
 Y - a +1 cloak of willpower (worn)
Jewellery
 a - a ring of flight
 h - a +4 ring of protection (right hand)
 j - a ring of see invisible
 q - the amulet "Reicebin" (around neck) {Reflect rPois Regen+ Int-4 Dex+3 SH+5}
   (You acquired it on level 5 of the Dungeon)

   [amulet of reflection]

   It reflects blocked missile attacks.
   Int:       It affects your intelligence (-4).
   Dex:       It affects your dexterity (+3).
   rPois:     It protects you from poison.
   Regen:     It increases your rate of health regeneration.
   SH:        It affects your SH (+5).
 r - a +4 ring of slaying (left hand)
 F - a ring of willpower
 S - the ring of Youthful Indiscretion {Fly rF+ Will- rCorr Str+3}
   (You found it in a Gauntlet)

   [ring of protection from fire]

   Str:       It affects your strength (+3).
   rF:        It protects you from fire.
   Fly:       It grants you flight.
   rCorr:     It protects you from acid and corrosion.
   Will:      It decreases your willpower.
Wands
 e - a wand of polymorph (6)
 o - a wand of paralysis (45)
 x - a wand of roots (12)
 D - a wand of flame (40) (quivered)
 N - a wand of quicksilver (12)
 O - a wand of mindburst (17)
 X - a wand of digging (12)
Scrolls
 c - 2 scrolls of enchant weapon
 d - 5 scrolls of blinking
 f - a scroll of butterflies
 i - 4 scrolls of poison
 m - 3 scrolls of magic mapping
 v - 5 scrolls of teleportation
 w - a scroll of brand weapon
 W - 4 scrolls of fear
Potions
 g - 9 potions of heal wounds
 n - 4 potions of invisibility
 s - 9 potions of curing
 t - 9 potions of haste
 A - 4 potions of flight {unknown}
 C - 5 potions of degeneration {unknown}
 E - 3 potions of magic {unknown}
 G - 3 potions of might {unknown}
 H - 2 potions of cancellation {unknown}
 J - 4 potions of mutation
 L - 3 potions of berserk rage
 M - 2 potions of lignification {unknown}
 Q - 2 potions of resistance {unknown}
 R - 9 potions of ambrosia
Miscellaneous
 b - a phantom mirror (inert)
 T - a box of beasts
 Z - a lightning rod (2/4)


   Skills:
 + Level 15.5 Fighting
 - Level 14.0 Polearms
 - Level 9.0 Armour
 + Level 15.5 Dodging
 + Level 17.9 Shields
 - Level 10.0 Evocations


You had 15 spell levels left.
You didn't know any spells.
Your spell library was empty.

Dungeon Overview and Level Annotations

Branches:
Dungeon (13/15)            Temple (0/1) D:7            Lair (5/5) D:11
  Swamp (4/4) Lair:2        Snake (1/4) Lair:2        Slime (0/5) Lair:5
    Orc (2/2) D:11            Elf (0/3) Orc:2       Ossuary (visited)
  IceCv (visited)         Gauntlet (visited)
 Vaults: D:13-14

Altars:
Cheibriados
Dithmenos
Elyvilon
Fedhas
Okawaru
Qazlal
Sif Muna
Trog
Uskayaw
Wu Jian
Zin

Shops:
D:6 [   Orc:2 [(*:

Annotations:
D:10 2 transporters, exclusion: oklob plant, Gorgoleon's ghost, journeyman MfGl
Swamp:2 3 runed translucent doors, suzumiya's ghost, adept GrFi


Innate Abilities, Weirdness & Mutations

((You are very nimble when in or above water. (Stealth+, EV+, Speed+++)))
Your lower body shifts to a powerful aquatic tail in water.


Message History

You block the shock serpent's attack. The naga mage casts a spell at you.
The bolt of poison hits the guardian serpent.
The bolt of poison hits you. You resist. You block the salamander's attack.
The guardian serpent hits you but does no damage.
The shock serpent bites you. The shock serpent shocks you!
The naga mage gestures at you while chanting.
The bolt of poison hits the guardian serpent.
The guardian serpent is poisoned.
The bolt of poison misses you. You block the naga warrior's attack.
The naga warrior constricts you.
The guardian serpent casts a spell at you.
The bolt of poison hits you but does no damage.
You resist. The shock serpent bites you. The shock serpent shocks you!
The salamander hits you!
* * * LOW HITPOINT WARNING * * *
You are engulfed in flames!
* * * LOW HITPOINT WARNING * * *
The naga mage casts a spell at you.
The bolt of poison hits the guardian serpent!
The guardian serpent looks even sicker.
The bolt of poison hits you but does no damage.
You are poisoned.
You resist. The naga warrior spits poison at you.
The splash of poison hits you but does no damage.
The naga warrior constricts you.
You block the guardian serpent's attack.
You feel much better.
You feel very sick.
The guardian serpent dies!
You block the shock serpent's attack. The naga mage spits poison at you.
The splash of poison hits you but does no damage.
You are more poisoned.
You resist. You block the salamander's attack.
The shock serpent shoots out a bolt of lightning at you!
The bolt of electricity hits you!!
* * * LOW HITPOINT WARNING * * *
The bolt of electricity hits you!!
You die...

..... .... #...
...## ##.. ...# #
#... ..#####.
.#####.(##
#..#....
........N##
#.......
.......N†S##
#.....#
....N###@N.##
###...## ..$
##)..####...>..##
#
###.......##...##
##...######...#
...#####..##
##... #.........#
##.. .#.#......#
#.. #.......#
##.# ###.....#
#..#


You could see a naga warrior (curare), a salamander (strong), a shock serpent
and a naga mage (fast, strong, catching breath).

Vanquished Creatures
  Kirke (D:13)
  A fenstrider witch (Swamp:3)
  A frost giant (D:13)
  An orc warlord (Orc:2)
  A stone giant (D:11)
  An eleionoma (Swamp:2)
  3 bunyips
  A yaktaur captain (D:11)
  Josephine (Lair:3)
  3 hydras
  4 ghost crabs
  A merfolk avatar (Lair:5)
  7 boulder beetles
  4 centaur warriors
  An ogre mage (D:11)
  An anaconda (Snake:1)
  5 two-headed ogres
  3 tengu warriors
  A naga warrior (Snake:1)
  5 alligators
  3 orc high priests
  A naga sharpshooter (Snake:1)
  Urug (Lair:5)
  3 spriggans (Swamp:2)
  A fire crab (Gauntlet)
  Sonja (Orc:2)
  5 skysharks
  2 goliath frogs (Swamp:3)
  6 bog bodies
  2 spriggan druids (Swamp:3)
  2 sea snakes (Lair:5)
  An obsidian statue (Gauntlet)
  A naga ritualist (Snake:1)
  A phantasmal warrior (D:13)
  A necromancer (Swamp:3)
  Pikel (D:5)
  4 orc knights
  A harpy (Lair:5)
  A mana viper (Lair:2)
  An orc sorcerer (Orc:2)
  9 cyclopes
  2 oklob plants (D:13)
  2 ugly things (D:13)
  A will-o-the-wisp (Swamp:1)
  2 manticores
  5 salamanders (Snake:1)
  Maurice (D:11)
  11 elephants
  11 black mambas
  A naga mage (Snake:1)
  17 cane toads
  3 unseen horrors
  A torpor snail (Lair:2)
  8 komodo dragons
  Maggie (D:6)
  A tengu conjurer (D:13)
  6 rime drakes
  2 efreet
  Psyche (D:10)
  13 trolls
  10 tyrant leeches
  4 polar bears
  4 meliai
  3 hornets (Swamp:2)
  A queen bee (D:13)
  Prince Ribbit (D:7)
  15 blink frogs
  2 dream sheep (Lair:2)
  2 snapping turtles (Lair:5)
  11 slime creatures
  32 yaks
  Eustachio (D:5)
  3 shadows
  12 wraiths
  2 fire bats (Gauntlet)
  2 basilisks
  6 steam dragons
  5 wyverns
  11 vampire mosquitoes
  Menkaure (D:5)
  3 wargs (Orc:2)
  8 nagas (Snake:1)
  15 swamp worms
  7 acid dragons
  26 orc warriors
  11 water moccasins
  2 swamp drakes (Swamp:2)
  5 ice beasts
  4 black bears
  8 wolves
  A centaur (D:9)
  10 ogres
  4 boggarts (Lair:3)
  2 lemures (D:5)
  A phantom (D:5)
  8 kobold brigands
  14 bullfrogs
  2 gnoll sergeants
  7 scorpions
  13 wights
  42 killer bees
  7 electric eels
  6 howler monkeys
  7 hounds
  17 jellies
  11 orc priests
  A sleepcap (D:5)
  2 iguanas
  18 orc wizards
  4 mummies (Ossuary)
  6 gnolls
  9 adders
  A shadow imp (D:7)
  14 white imps
  An ufetubus (D:7)
  4 worms
  50 orcs
  8 ball pythons
  9 endoplasms
  3 giant cockroaches
  4 goblins
  4 hobgoblins (D:2)
  2 jackals (D:2)
  39 kobolds
  2 quokkas
  7 bats
  5 frilled lizards
  4 gnoll skeletons (Ossuary)
  8 gnoll zombies (Ossuary)
  8 goblin zombies (Ossuary)
  4 hobgoblin skeletons (Ossuary)
  2 hobgoblin zombies (Ossuary)
  6 kobold skeletons (Ossuary)
  6 kobold zombies (Ossuary)
  3 orc skeletons (Ossuary)
  4 rats
  8 rat skeletons (Ossuary)
  A rat zombie (Ossuary)
  A butterfly (Lair:4)
800 creatures vanquished.

Vanquished Creatures (collateral kills)
  A thorn hunter (Swamp:2)
  An orc sorcerer (Orc:2)
  A warg (Orc:2)
  3 orc warriors (Orc:2)
  An orc wizard (Orc:2)
  2 orcs (Orc:2)
9 creatures vanquished.

Vanquished Creatures (others)
  A wizard (D:13)
  A guardian serpent (Snake:1)
  2 bloated husks
  A centaur (D:13)
  2 killer bees (D:13)
  A gnoll (D:6)
  3 kobolds
  A butterfly (D:6)
12 creatures vanquished.

Grand Total: 821 creatures vanquished

Notes
Turn   | Place    | Note
-------+----------+-------------------------------------------
     0 | D:1      | diecastcamel the Merfolk Berserker began the quest for the
                  | Orb.
     0 | D:1      | Reached XP level 1. HP: 18/18 MP: 1/1
   211 | D:1      | Reached XP level 2. HP: 24/24 MP: 2/2
   304 | D:1      | Reached skill level 5 in Polearms
   831 | D:1      | Reached XP level 3. HP: 22/29 MP: 3/3
   975 | D:2      | Reached ** piety under Trog
  1273 | D:2      | Reached XP level 4. HP: 30/36 MP: 4/4
  1541 | D:3      | Noticed an ogre
  2260 | D:3      | Killed an ogre
  2261 | D:3      | Reached XP level 5. HP: 43/43 MP: 5/5
  3154 | D:4      | Reached XP level 6. HP: 50/50 MP: 6/6
  3233 | D:4      | Found a snail-covered altar of Cheibriados.
  3307 | D:4      | Reached skill level 5 in Fighting
  3466 | D:4      | Noticed an ice beast
  3481 | D:4      | Killed an ice beast
  3482 | D:4      | Reached XP level 7. HP: 56/56 MP: 7/7
  3719 | D:4      | Found an ornate altar of the Wu Jian Council.
  3966 | D:5      | Entered Level 5 of the Dungeon
  4108 | D:5      | Noticed Menkaure
  4123 | D:5      | Killed Menkaure
  4203 | D:5      | Noticed Eustachio
  4431 | D:5      | Killed Eustachio
  4432 | D:5      | Reached skill level 5 in Dodging
  4432 | D:5      | Reached skill level 1 in Evocations
  4432 | D:5      | Reached XP level 8. HP: 64/64 MP: 8/8
  4582 | D:5      | Found a sand-covered staircase.
  4591 | Ossuary  | Entered an ossuary
  4672 | Ossuary  | Reached *** piety under Trog
  5258 | Ossuary  | Reached **** piety under Trog
  5414 | D:5      | Identified 2 scrolls of acquirement
  5415 | D:5      | Acquired 1023 gold pieces
  5417 | D:5      | Acquired the amulet "Reicebin" {Reflect rPois Regen+ Int-4
                  | Dex+3 SH+5}
  5544 | D:5      | Noticed Pikel
  5560 | D:5      | Killed Pikel
  5684 | D:5      | Reached XP level 9. HP: 71/71 MP: 9/9
  5814 | D:5      | Found a stormy altar of Qazlal.
  6018 | D:6      | Upgraded the game from 0.30.1-1-g62c8e00024 to
                  | 0.30.1-3-gfc49f6343a
  6071 | D:6      | Found a white marble altar of Elyvilon.
  6229 | D:6      | Noticed Maggie
  6252 | D:6      | Killed Maggie
  6315 | D:6      | Reached skill level 10 in Polearms
  6578 | D:6      | Reached skill level 1 in Shields
  6867 | D:6      | Reached XP level 10. HP: 80/80 MP: 10/10
  6983 | D:6      | Found Vyqeyq's Armour Shop.
  6987 | D:6      | Bought +1 pearl dragon scales for 1049 gold pieces
  7037 | D:6      | Reached skill level 2 in Shields
  7196 | D:6      | Reached ***** piety under Trog
  7599 | D:7      | Found a staircase to the Ecumenical Temple.
  7641 | D:7      | Reached skill level 5 in Armour
  7644 | D:7      | Reached skill level 3 in Shields
  7690 | D:7      | Noticed Prince Ribbit
  7696 | D:7      | Killed Prince Ribbit
  7947 | D:7      | Found a glowing silver altar of Zin.
  8466 | D:8      | Found an iron altar of Okawaru.
  8667 | D:8      | Noticed a cyclops
  8668 | D:8      | Killed a cyclops
  8797 | D:8      | Found a bloodstained altar of Trog.
  9100 | D:9      | Found a hide-covered altar of Uskayaw.
  9115 | D:9      | Reached skill level 4 in Shields
  9154 | D:9      | Found a shadowy altar of Dithmenos.
  9193 | D:9      | Reached XP level 11. HP: 89/89 MP: 11/11
  9404 | D:9      | Noticed a centaur warrior
  9411 | D:9      | Killed a centaur warrior
  9441 | D:9      | Received a gift from Trog
  9999 | D:10     | Entered Level 10 of the Dungeon
 10068 | D:10     | Reached skill level 10 in Dodging
 10266 | D:10     | Found a blossoming altar of Fedhas.
 10281 | D:10     | Noticed an oklob plant
 10452 | D:10     | Noticed Psyche
 10464 | D:10     | Killed Psyche
 10465 | D:10     | Reached skill level 5 in Shields
 10532 | D:10     | Found a shimmering blue altar of Sif Muna.
 10554 | D:10     | Found a transporter.
 10560 | D:10     | Found a bloodstained altar of Trog.
 10568 | D:10     | Noticed a moth of wrath
 10568 | D:10     | Noticed a two-headed ogre
 10568 | D:10     | Noticed Gorgoleon's ghost (journeyman MfGl)
 10573 | D:10     | Noticed a tengu warrior
 10737 | D:10     | Found a transporter.
 11134 | D:11     | Found a staircase to the Lair.
 11144 | D:11     | Noticed a boulder beetle
 11192 | D:11     | Killed a boulder beetle
 11226 | D:11     | Found a frozen archway.
 11232 | IceCv    | Entered an ice cave
 11327 | D:11     | Noticed a boulder beetle
 11328 | D:11     | Noticed a boulder beetle
 11495 | D:10     | Killed a boulder beetle
 11546 | D:10     | Killed a boulder beetle
 11547 | D:10     | Reached skill level 10 in Fighting
 11589 | D:11     | Noticed a cyclops
 11592 | D:11     | Noticed an ogre mage
 11599 | D:11     | Killed a cyclops
 11603 | D:11     | Killed an ogre mage
 11604 | D:11     | Reached skill level 6 in Shields
 11609 | D:11     | Reached XP level 12. HP: 89/97 MP: 12/12
 11661 | Lair:1   | Entered Level 1 of the Lair of Beasts
 11719 | Lair:1   | Identified the +2 scale mail of the Trees {*Corrode Str+2
                  | Int+3}
 11810 | Lair:1   | Found a gate leading to a gauntlet.
 11820 | Gauntlet | Entered a Gauntlet
 11820 | Gauntlet | Found a transporter.
 11820 | Gauntlet | Found a transporter.
 11824 | Gauntlet | Found a transporter.
 11824 | Gauntlet | Found a transporter.
 11833 | Gauntlet | Noticed a wretched star
 11834 | Gauntlet | Found a transporter.
 11835 | Gauntlet | Noticed a hell hog
 11844 | Gauntlet | Found a transporter.
 11844 | Gauntlet | Found a transporter.
 11862 | Gauntlet | Found a transporter.
 11869 | Gauntlet | Found a transporter.
 11897 | Gauntlet | Found a transporter.
 11936 | Gauntlet | Found a transporter.
 11946 | Gauntlet | Found a transporter.
 11948 | Gauntlet | Noticed a death scarab
 11954 | Gauntlet | Noticed a death scarab
 11966 | Gauntlet | Found a transporter.
 11973 | Gauntlet | Found a transporter.
 12060 | Gauntlet | Found a transporter.
 12078 | Gauntlet | Found a transporter.
 12283 | Gauntlet | Identified the ring of Youthful Indiscretion {Fly rF+ Will-
                  | rCorr Str+3}
 12343 | Gauntlet | Noticed a soul eater
 12349 | Gauntlet | Identified the +0 pair of gloves of Gravity {Rampage rN+
                  | Int+3}
 12401 | Gauntlet | Noticed a minotaur
 13061 | Lair:1   | Acquired a ring of willpower
 13237 | Lair:2   | Reached skill level 7 in Shields
 13306 | Lair:2   | Received a gift from Trog
 13332 | Lair:2   | Found a staircase to the Snake Pit.
 13399 | Lair:2   | Noticed a skyshark
 13411 | Lair:2   | Killed a skyshark
 13616 | Lair:2   | Reached skill level 8 in Shields
 13844 | Lair:2   | Reached skill level 9 in Shields
 14072 | Lair:2   | Reached XP level 13. HP: 105/105 MP: 13/13
 14302 | Lair:2   | Found a staircase to the Swamp.
 14424 | Lair:3   | Reached skill level 10 in Shields
 14534 | Lair:3   | Reached skill level 5 in Evocations
 14585 | Lair:3   | Noticed Josephine
 14601 | Lair:3   | Killed Josephine
 15184 | Lair:3   | Received a gift from Trog
 15529 | Lair:4   | Reached skill level 11 in Shields
 15555 | Lair:4   | You fall into a shaft and drop 1 floor!
 15555 | Lair:5   | Entered Level 5 of the Lair of Beasts
 15947 | Lair:5   | Reached skill level 12 in Shields
 16086 | Lair:5   | Noticed Urug
 16112 | Lair:5   | Reached skill level 13 in Shields
 16123 | Lair:5   | Reached XP level 14. HP: 90/115 MP: 14/14
 16151 | Lair:5   | Killed Urug
 16154 | Lair:5   | Received a gift from Trog
 16211 | Lair:5   | Reached skill level 14 in Shields
 16272 | Lair:5   | Found a staircase to the Slime Pits.
 17176 | Lair:4   | Reached skill level 15 in Shields
 17518 | Lair:5   | Identified the +2 trident of the Glowing Gods {heavy, *Rage
                  | rF+ MP+9 Dex+3}
 18044 | D:11     | Noticed a stone giant
 18116 | D:11     | Killed a stone giant
 18368 | D:11     | Reached skill level 16 in Shields
 18505 | D:11     | Received a gift from Trog
 18507 | D:11     | Noticed Maurice
 18520 | D:11     | Killed Maurice
 18632 | D:11     | Found a staircase to the Orcish Mines.
 19055 | Orc:1    | Entered Level 1 of the Orcish Mines
 19149 | Orc:1    | Reached XP level 15. HP: 124/124 MP: 15/15
 19294 | Orc:2    | Entered Level 2 of the Orcish Mines
 19325 | Orc:2    | Found a staircase to the Elven Halls.
 19460 | Orc:2    | Noticed Sonja
 19462 | Orc:2    | Killed Sonja
 19552 | Orc:2    | Noticed an orc warlord
 19575 | Orc:2    | Killed an orc warlord
 19594 | Orc:2    | Received a gift from Trog
 19796 | Orc:2    | Found Vevvu's Antique Weapon Boutique.
 19813 | Orc:2    | Found Socru's Book Boutique.
 19829 | Orc:2    | Found Hussod's General Store.
 19846 | Orc:2    | Found Nirgh's Antique Armour Boutique.
 20873 | D:12     | Reached ****** piety under Trog
 21128 | D:12     | Received a gift from Trog
 21696 | D:13     | Noticed a frost giant
 21720 | D:13     | Killed a frost giant
 22279 | D:13     | Reached skill level 10 in Evocations
 22346 | D:13     | Noticed Kirke
 22361 | D:13     | Killed Kirke
 22362 | D:13     | Reached skill level 17 in Shields
 23005 | Orc:2    | Bought a wand of quicksilver (5) for 252 gold pieces
 23005 | Orc:2    | Bought a wand of quicksilver (4) for 201 gold pieces
 23005 | Orc:2    | Bought a wand of roots (4) for 115 gold pieces
 23170 | Swamp:1  | Entered Level 1 of the Swamp
 23627 | Swamp:1  | Reached XP level 16. HP: 132/134 MP: 16/16
 24001 | Swamp:2  | Noticed a thorn hunter
 24126 | Swamp:2  | Killed a thorn hunter
 24311 | Swamp:2  | Found a runed translucent gate.
 24311 | Swamp:2  | Found a runed translucent gate.
 24311 | Swamp:2  | Found a runed translucent gate.
 24472 | Swamp:2  | Noticed suzumiya's ghost (adept GrFi)
 24997 | Swamp:3  | Reached skill level 15 in Fighting
 25498 | Swamp:3  | Reached skill level 15 in Dodging
 25499 | Swamp:3  | Noticed a fenstrider witch
 25516 | Swamp:3  | Killed a fenstrider witch
 25673 | Swamp:4  | Entered Level 4 of the Swamp
 25751 | Snake:1  | Entered Level 1 of the Snake Pit
 26107 | Snake:1  | Received a gift from Trog
 26307 | Snake:1  | Killed from afar by a shock serpent

Illustrated notes

Levels and vault maps discovered:
D:1:      dpeg_arrival_windows_large_door, layout_basic
D:2:      wad_crossroads, layout_rooms, minmay_tromino_v4_c
D:3:      layout_basic, minivault_23, amcnicky_mini_pool_small,
          hangedman_glass_teeth
D:4:      layout_basic, mainiacjoe_overflow_small_starburst,
          nicolae_wu_jian_glorious_leap
D:5:      layout_basic, old_standard_altar, nicolae_ossuary_entry_monument,
          uniq_eustachio, uniq_pikel, uniq_menkaure
D:6:      minmay_thinvault, layout_loops_corners,
          nicolae_elyvilon_peaceful_grove, serial_shops,
          nicolae_shop_pleasant_corner_grove, kennysheep_small_square,
          uniq_maggie
D:7:      layout_loops_ring, lemuel_doored_altar, minmay_temple_entry_offerings,
          minmay_manual_mail, uniq_prince_ribbit1
D:8:      layout_loops_cross, hellmonk_okawaru_the_only_friend_you_need,
          mainiacjoe_overflow_brackets
D:9:      cheibrodos_two_vegetables, layout_irregular_city,
          grunt_temple_overflow_open
D:10:     layout_long_grid, kennysheep_little_box, tgw_fedhas,
          gammafunk_ghost_wrathful_warriors, minmay_misc_feat_roman,
          minmay_fountain_box, uniq_psyche
D:11:     minmay_complete_graph, layout_irregular_city,
          portal_ice_cave_entry_imps, uniq_maurice
D:12:     layout_cave_pools, hangedman_decor_lopped
D:13:     regret_index_harrowing_hell_hive, layout_irregular_city, uniq_kirke
Lair:1:   layout_cave_pods, gauntlet_entry_generic, serial_bayou_shore_a
Lair:2:   layout_gridlike, nicolae_swamp_entry_splash_gauntlet,
          dummy_snake_entry, chequers_serial_rivers_small_a,
          minmay_stone_trees_medium, lemuel_fruit_tree, grunt_megastairs_1
Lair:3:   layout_roguey, kilobyte_rumbling_trees, uniq_josephine
Lair:4:   layout_gridlike, lemuel_fruit_fields
Lair:5:   gammafunk_lair_ancient_temple, layout_cave_pods,
          minmay_slime_entry_jelly_boxes, uniq_urug
Swamp:1:  layout_falls_marsh, nicolae_swamp_fairy_circle
Swamp:2:  layout_basic_swamp, gammafunk_ghost_necromancy,
          hangedman_swamp_ruin_wall
Swamp:3:  nicolae_swamp_standing_stones, layout_basic_swamp,
          evilmike_swamp_ruin_house_6
Swamp:4:  swamp_basic_johnstein, layout_basic_swamp, uniq_louise
Snake:1:  layout_layer_cave, nicolae_snake_guarding_the_ruins
Orc:1:    layout_caves, serial_shops, basic_altar
Orc:2:    grunt_orc_cross, layout_diamond_mine, basic_altar, uniq_sonja

Skill      XL: |  1  2  3  4  5  6  7  8  9 10 11 12 13 14 15 16 |
---------------+-------------------------------------------------+-----
Polearms       | 5 6 7 8 9 10 11 12 14 | 14.0
Fighting       | 4 5 6 7 9 10 12 13 14 15 | 15.5
Dodging        | 3 4 5 6 8 9 11 12 13 15 | 15.5
Armour         | 2 3 4 5 6 7 8 9 |  9.0
Evocations     | 1 3 4 7 8 10 | 10.0
Shields        | 1 4 6 9 13 16 17 | 17.9

Action                     |  1- 3 |  4- 6 |  7- 9 | 10-12 | 13-15 | 16-18 || total
---------------------------+-------+-------+-------+-------+-------+-------++-------
  Melee: Spear             |   121 |    76 |    88 |   118 |       |       ||   403
         Punch             |       |     1 |     1 |       |       |       ||     2
         Trident           |       |       |   290 |   699 |  1339 |   265 ||  2593
         Tailslap          |       |       |       |     2 |    12 |    22 ||    36
  Throw: Stone             |    16 |    11 |       |       |       |       ||    27
         Dart              |       |    16 |    30 |    41 |    31 |     7 ||   125
         Boomerang         |       |     6 |     1 |     1 |       |       ||     8
 Invoke: Berserk           |       |     2 |     4 |     2 |     2 |     2 ||    12
         Trog's Hand       |       |       |     1 |     4 |     5 |     1 ||    11
         Brothers in Arms  |       |       |       |       |       |     1 ||     1
  Evoke: Wand              |       |     5 |     2 |    24 |    24 |    20 ||    75
         Lightning rod     |       |       |       |       |     3 |     3 ||     6
         Box of beasts     |       |       |       |       |     1 |     1 ||     2
         Phantom mirror    |       |       |       |       |       |     1 ||     1
    Use: Scroll            |       |     1 |     5 |    15 |    10 |     4 ||    35
         Potion            |       |       |     1 |     1 |     4 |     1 ||     7
   Stab: Paralysed         |       |       |       |       |     2 |       ||     2
         Distracted        |       |       |       |       |     2 |     2 ||     4
         Confused          |       |       |       |       |       |     1 ||     1
 Armour: Animal skin       |     7 |       |       |       |       |       ||     7
         Leather armour    |    10 |     7 |       |       |       |       ||    17
         Chain mail        |       |     5 |    69 |       |       |       ||    74
         Pearl dragon scal |       |       |       |   125 |   265 |    91 ||   481
  Dodge: Dodged            |    47 |    19 |    87 |   197 |   346 |    98 ||   794
  Block: Other             |       |       |     8 |       |       |       ||     8
         Buckler           |       |       |    10 |    77 |       |       ||    87
         Reflection        |       |       |     1 |    26 |    29 |    29 ||    85
         Tower shield      |       |       |       |   395 |  1335 |   322 ||  2052
